 Dungeon Crawl Stone Soup version 0.13-a0-3104-gb5885e9 (webtiles) character file.

129 MikesJam the Covered (level 4, 0/32 HPs)
             Began as a High Elf Fighter on Sept 20, 2013.
             Succumbed to poison (a potion of poison)
             ... in a sewer.
             The game lasted 00:39:16 (1589 turns).

MikesJam the Covered (High Elf Fighter)             Turns: 1589, Time: 00:39:16

HP   0/32        AC  7     Str 15      XL: 4   Next: 59%
MP   6/6         EV  6     Int 18      God:
Gold 20          SH 18     Dex 14      Spells:  1 memorised,  1 level left

Res.Fire  : . . .   See Invis. : .   v - +0 mace
Res.Cold  : . . .   Warding    : .   b - +0 elf scale mail
Life Prot.: . . .   Conserve   : .   c - +0 elf shield
Res.Poison: .       Res.Corr.  : .   t - +0 cap
Res.Elec. : .       Clarity    : .   (no cloak)
Sust.Abil.: . .     Spirit.Shd : .   (no gloves)
Res.Mut.  : .       Stasis     : .   (no boots)
Res.Rott. : .       Flight     : +   (no amulet)
Saprovore : . . .                    (no ring)
                                     i - ring of regeneration

@: brilliant, flying, mildly poisoned, slightly resistant to hostile
enchantments, extremely unstealthy
A: talons 1, fast metabolism 1
a: no special abilities


You were in a sewer.
You were very hungry.

You visited 1 branch of the dungeon, and saw 3 of its levels.
You also visited: Sewer.

Inventory:

Hand weapons
 v - a +0,+0 mace (weapon)
Missiles
 e - 20 poisoned needles
 g - 18 arrows
 h - 23 darts (quivered)
 r - 11 bolts
Armour
 b - a +0 elven scale mail (worn)
 c - a +0 elven shield (worn)
 n - a +0 robe
 t - a +0 cap (worn)
Comestibles
 d - a bread ration
Scrolls
 f - a scroll of fear {unknown}
 j - a scroll of amnesia {unknown}
 l - a scroll of curse jewellery {unknown}
 o - a scroll of teleportation
Jewellery
 i - a ring of regeneration (left hand)
 m - an uncursed amulet of warding {unknown}
 q - an uncursed ring of ice
Potions
 z - a potion of agility {unknown}
Books
 p - a book of Ice

   Spells                             Type                      Level
   *Freezing Aura                     Charms/Ice                   2
   Ensorcelled Hibernation            Hexes/Ice                    2
   Ozocubu's Refrigeration            Ice                          6
   Bolt of Cold                       Conjuration/Ice              6
   Freezing Cloud                     Conjuration/Ice/Air          6
   Metabolic Englaciation             Hexes/Ice                    6
   Simulacrum                         Ice/Necromancy               6


   Skills:
 + Level 3.4 Fighting
 + Level 2.0 Maces & Flails
 + Level 3.5 Armour
 + Level 1.6 Dodging
 + Level 3.3 Shields


You had one spell level left.
You knew the following spells:

 Your Spells              Type           Power        Failure   Level  Hunger
a - Freezing Aura         Chrm/Ice       ##........   47%         2    ###....


Dungeon Overview and Level Annotations

Branches:
Dungeon (3/27)

Altars:


Innate Abilities, Weirdness & Mutations

You have sharp toenails.
You have a fast metabolism.


Message History

The green rat bites you but does no damage.
The grey rat bites you but does no damage.
The green rat completely misses you. You block the grey rat's attack.
The grey rat bites you.
* * * LOW HITPOINT WARNING * * *
Number of times to repeat, then command key: You must enter the number of times for the command to repeat.
You feel more clever all of a sudden.
It was a potion of brilliance.
You block the green rat's attack. The grey rat barely misses you.
You feel extremely strange.
You feel a little hungry.
Your toenails lengthen and sharpen.
It was a potion of mutation.
The grey rat bites you.
* * * LOW HITPOINT WARNING * * *
The green rat bites you!
* * * LOW HITPOINT WARNING * * *
The grey rat bites you but does no damage.
That liquid tasted very nasty...
You are poisoned.
It was a potion of poison.
You die...

≈≈≈##≈≈≈≈≈≈≈≈≈
≈≈≈≈≈≈≈≈≈≈≈≈≈≈≈≈
≈≈≈≈≈≈≈≈≈≈≈≈≈≈≈≈ #
≈≈≈≈≈≈≈≈≈≈≈≈≈≈≈≈ ≈#
≈≈≈≈≈≈≈≈≈≈≈≈≈≈≈≈ ≈≈#
≈≈≈≈≈≈≈≈≈≈≈≈≈#######≈≈#
≈≈...≈.≈≈≈≈≈≈#..#..#≈≈#
.........≈...#).r..#≈≈#
...%........r'rr@.##≈≈#
##%.........r#rrr..#≈≈#
####........##..#..#≈≈#
######...###########≈≈#
.∩# ##### ≈≈# ### ≈# #


You could see a green rat, 4 grey rats and 3 rats.

Vanquished Creatures
  Jessica (D:2)
  2 adders
  2 green rats
  7 grey rats
  An ooze (D:2)
  3 goblins
  A hobgoblin (D:2)
  8 kobolds
  A quokka (D:2)
  3 ball pythons
  2 bats (D:2)
  2 giant cockroaches
  9 rats
42 creatures vanquished.

Notes
Turn   | Place    | Note
--------------------------------------------------------------
     0 | D:1      | MikesJam, the High Elf Fighter, began the quest for the Orb.
     0 | D:1      | Reached XP level 1. HP: 16/16 MP: 1/1
   442 | D:2      | Noticed Jessica
   447 | D:2      | Killed Jessica
   447 | D:2      | Soner: sorry, phonecall, brb
   447 | D:2      | MikesJam: oh, ok
   447 | D:2      | Reached XP level 2. HP: 18/21 MP: 2/2
   656 | D:2      | Reached XP level 3. HP: 27/27 MP: 4/4
   688 | D:2      | Learned a level 2 spell: Freezing Aura
  1148 | D:3      | Found a glowing drain.
  1249 | Sewer    | Entered a sewer
  1263 | Sewer    | Reached XP level 4. HP: 28/32 MP: 6/6
  1276 | Sewer    | Reached skill level 1 in Dodging
  1588 | Sewer    | Gained mutation: You have a fast metabolism. [potion of mutation]
  1588 | Sewer    | Gained mutation: You have sharp toenails. [potion of mutation]
  1588 | Sewer    | HP: 1/32 [green rat (8)]
  1589 | Sewer    | Succumbed to poison (a potion of poison)

Action                   |  1- 3 |  4- 6 || total
-------------------------+-------+-------++-------
Melee: Mace              |   117 |    70 ||   187
  Use: Potion            |       |     4 ||     4
       Scroll            |       |     1 ||     1
